 Dungeon Crawl Stone Soup version 0.29-a0-872-g797fff5ad1 (webtiles) character file.

Game seed: 15183245525455799742

188627 clackabat the Phalangite (level 17, -10/156 HPs)
             Began as a Minotaur Fighter on July 18, 2022.
             Was the Champion of Okawaru.
             Mangled by a merfolk
             ... wielding a +0 trident of pain
             ... led by Ilsuiw
              (17 damage)
             ... on level 2 of the Shoals.
             The game lasted 01:20:28 (26657 turns).

clackabat the Phalangite (Minotaur Fighter)        Turns: 26657, Time: 01:20:28

Health: -10/156    AC: 20    Str: 23    XL:     17   Next: 48%
Magic:  19/21      EV: 25    Int:  7    God:    Okawaru [******]
Gold:   2597       SH: 16    Dex: 20    Spells: 16/16 levels left

rFire   + . .      SeeInvis +   v - +8 trident of the Octopus King {venom, rElec rPois}
rCold   + + .      Faith    .   c - +1 buckler
rNeg    . . .      Spirit   .   t - +2 leather armour of the Rotten God {Rampage rF+ Will+}
rPois   +          Reflect  +   w - +2 hat
rElec   +          Harm     .   H - +2 cloak {rCorr}
rCorr   +          Rampage  +   y - +1 pair of gloves of Muttered Phrases {rC++ Regen+}
Will    +....                   E - +2 pair of boots
Stlth   +++.......              Y - amulet of reflection
HPRegen 1.16/turn               e - ring of see invisible
MPRegen 0.17/turn               k - ring of Rukkets {Fly rPois Will+ Dex+6}

@: weak-willed, heroic, flying, mesmerised
A: horns 2, retaliatory headbutt
}: 1/15 runes: serpentine
a: Renounce Religion, Heroism, Finesse, Duel


You were on level 2 of the Shoals.
You worshipped Okawaru.
Okawaru was exalted by your worship.
You visited 6 branches of the dungeon, and saw 29 of its levels.

You collected 3747 gold pieces.
You spent 1150 gold pieces at shops.

Inventory:

Hand Weapons
 a - a +1 trident of holy wrath
 v - the +8 trident of the Octopus King (weapon) {venom, rElec rPois}
   (You took it off an orc on level 5 of the Dungeon)

   It poisons the flesh of those it strikes.
   rElec:     It insulates you from electricity.
   rPois:     It protects you from poison.
 F - the +8 arc blade {discharge, rElec}
   (Okawaru gifted it to you on level 10 of the Dungeon)

   It occasionally unleashes powerful arcs of lightning upon striking a foe.
   These may arc to other adjacent creatures (including the wielder, but dealing
   reduced damage to them) before grounding out.
   rElec:     It insulates you from electricity.
 P - a +5 demon trident of venom
 U - the +11 glaive of Wuuvys {antimagic, rC++}
   (Okawaru gifted it to you on level 5 of the Lair of Beasts)

   It reduces the magical energy of the wielder, and disrupts the spells and
   magical abilities of those it strikes.
   Natural abilities and divine invocations are not affected.
   rC:        It greatly protects you from cold.
Missiles
 I - 7 throwing nets (quivered)
 Q - 5 silver javelins
 R - 3 atropa-tipped darts
Armour
 c - a +1 buckler (worn)
 t - the +2 leather armour of the Rotten God (worn) {Rampage rF+ Will+}
   (You found it on level 3 of the Dungeon)

   rF:        It protects you from fire.
   Rampage:   It bestows one free step when moving towards enemies.
   Will:      It increases your willpower.
 w - a +2 hat (worn)
 y - the +1 pair of gloves of Muttered Phrases (worn) {rC++ Regen+}
   (You found it on level 7 of the Dungeon)

   rC:        It greatly protects you from cold.
   Regen:     It increases your rate of health regeneration.
 E - a +2 pair of boots (worn)
 H - a +2 cloak of preservation (worn)
 L - the +4 scale mail of Kafuclus {rCorr Str+5}
   (You bought it in a shop on level 2 of the Orcish Mines)

   Str:       It affects your strength (+5).
   rCorr:     It protects you from acid and corrosion.
 M - a scarf of repulsion
 V - +0 ice dragon scales
Jewellery
 b - a +4 ring of evasion
 e - a ring of see invisible (left hand)
 j - an amulet of regeneration
 k - the ring of Rukkets (right hand) {Fly rPois Will+ Dex+6}
   (You acquired it on level 3 of the Snake Pit)

   [ring of dexterity]

   Dex:       It affects your dexterity (+6).
   rPois:     It protects you from poison.
   Fly:       It grants you flight.
   Will:      It increases your willpower.
 W - a +4 ring of protection
 Y - an amulet of reflection (around neck)
 Z - a ring of protection from cold
Wands
 f - a wand of flame (29)
 p - a wand of digging (2)
 D - a wand of acid (17)
 G - a wand of roots (11)
Scrolls
 g - 10 scrolls of teleportation
 m - 4 scrolls of enchant armour
 r - 6 scrolls of amnesia
 s - a scroll of acquirement
 x - 3 scrolls of magic mapping
 z - 2 scrolls of poison
 C - 5 scrolls of fear
 N - 4 scrolls of fog
 O - 3 scrolls of blinking
 S - a scroll of brand weapon
 X - 2 scrolls of enchant weapon
Potions
 d - 3 potions of might
 h - 13 potions of curing
 i - 3 potions of flight
 l - 3 potions of berserk rage
 n - 3 potions of brilliance
 o - 2 potions of cancellation
 q - 4 potions of haste
 u - 7 potions of ambrosia
 A - 3 potions of magic
 B - a potion of resistance
 K - 8 potions of mutation
 T - a potion of invisibility
Miscellaneous
 J - a lightning rod (4/4)


   Skills:
 + Level 15.6(20.6) Fighting
 * Level 21.1(26.1) Polearms
 - Level 7.1(12.1) Throwing
 + Level 15.3(20.3) Armour
 + Level 13.7(18.7) Dodging
 + Level 13.7(18.7) Shields
 - Level 7.1 Invocations
 - Level 6.4 Evocations


You had 16 spell levels left.
You didn't know any spells.
Your spell library contained the following spells:

 Spells                   Type           Power      Damage    Failure   Level
 Sublimation of Blood     Necr           0%         N/A       63%         2
 Wereblood                Tmut           0%         N/A       63%         2
 Cause Fear               Hex            0%         N/A       99%         4
 Corpse Rot               Necr/Pois/Air  0%         N/A       99%         4
 Dispel Undead            Necr           0%         3d6       99%         4
 Leda's Liquefaction      Hex/Erth       0%         N/A       99%         4
 Lee's Rapid Deconstruct  Erth           0%         3d5*      100%        5
 Conjure Ball Lightning   Conj/Air       0%         3x3d6     100%        6
 Statue Form              Tmut/Erth      0%         N/A       100%        6
 Dragon Form              Tmut           0%         N/A       100%        7
 Orb of Destruction       Conj           0%         9d5       100%        7
 Discord                  Hex            0%         N/A       100%        8
 Disjunction              Tloc           0%         N/A       100%        8
 Summon Guardian Golem    Hex/Summ       Unusable   N/A       N/A         3
 Death Channel            Necr           Unusable   N/A       N/A         6
 Spellforged Servitor     Conj/Summ      Unusable   N/A       N/A         7
 Summon Hydra             Summ           Unusable   N/A       N/A         7
 Dragon's Call            Summ           Unusable   N/A       N/A         9

Dungeon Overview and Level Annotations

Branches:
Dungeon (15/15)            Temple (1/1) D:5            Lair (5/5) D:8
 Shoals (2/4) Lair:2        Snake (4/4) Lair:2        Slime (0/5) Lair:5
    Orc (2/2) D:10            Elf (0/3) Orc:2        Vaults (0/5) D:13
 Depths (0/4) D:15

Altars:
Ashenzari
Cheibriados
Dithmenos
Elyvilon
Gozag
Kikubaaqudgha
Makhleb
Nemelex Xobeh
Okawaru
Ru
Sif Muna
Trog
Uskayaw
Vehumet
Xom
Zin
The Shining One
Jiyva

Shops:
D:15 :*   Orc:2 [:((   Snake:1 :=

Portals:
Trove: D:13 (give 10 potions of heal wounds)

Annotations:
D:4 1 runed translucent door, Heh's ghost, amateur OpVM
D:6 2 runed translucent doors, mcwallace's ghost, novice VSNe
Lair:3 exclusion: 3 oklob plants
Snake:2 2 transporters, zhov's ghost, adept SpAM


Innate Abilities, Weirdness & Mutations

You have a pair of horns on your head.
You reflexively headbutt those who attack you in melee.


Message History

You block the merfolk's attack.
The faun shoots a sling bullet.
The sling bullet misses you.
The sling bullet hits the merfolk.
The snapping turtle misses you.
The merfolk siren chants its luring song.
The faun shoots a sling bullet.
The sling bullet hits you but does no damage.
You gain the combat prowess of a mighty hero.
The merfolk javelineer throws a silver javelin.
The silver javelin completely misses you.
You block the merfolk's attack.
The faun shoots a sling bullet.
The sling bullet hits you but does no damage.
You block the snapping turtle's attack.
The merfolk siren chants its luring song.
You barely miss the merfolk.
The merfolk is moderately wounded.
The merfolk javelineer throws a silver javelin.
The silver javelin pierces through you but does no damage.
* * * LOW HITPOINT WARNING * * *
The faun shoots a sling bullet.
The sling bullet hits you!
* * * LOW HITPOINT WARNING * * *
The merfolk completely misses you. You furiously retaliate!
You headbutt the merfolk! You completely miss the merfolk.
Your headbutt misses the merfolk.
The merfolk is heavily wounded.
A nearby plant withers and dies.
The snapping turtle closely misses you. You furiously retaliate!
You headbutt the snapping turtle, but do no damage.
The merfolk siren chants its luring song.
The faun unwields a +0 club.
The faun wields a +0 sling.
The faun shoots a sling bullet.
You reflect the sling bullet off an invisible shield around you!
The sling bullet closely misses the merfolk javelineer.
The sling bullet hits the faun!
The merfolk javelineer throws a silver javelin.
The silver javelin pierces through you!
* * * LOW HITPOINT WARNING * * *
x2 You closely miss the merfolk javelineer.
The merfolk javelineer is lightly wounded.
The merfolk hits you with a +0 trident of pain!
You die...

########################
≈≈≈≈≈≈≈≈≈≈≈≈≈≈≈≈≈≈≈≈≈≈≈≈
≈≈≈≈≈≈≈≈≈≈≈≈≈≈≈≈≈≈≈≈≈≈≈≈
≈≈≈≈≈≈≈≈≈≈≈≈≈≈≈≈≈≈≈≈≈≈≈≈
≈≈≈≈≈≈≈≈≈≈≈≈≈≈≈≈≈≈≈≈≈≈≈≈
≈≈≈≈≈≈≈≈≈≈≈≈≈≈≈≈≈≈≈≈≈≈≈≈
≈≈≈≈≈≈tm≈≈≈≈≈≈≈≈≈≈≈≈≈≈≈≈
≈≈≈≈≈m≈@≈≈≈≈≈≈≈≈≈≈≈≈≈≈≈≈
≈≈≈≈≈≈m))≈≈≈≈≈≈≈≈≈≈≈≈≈≈≈
≈P≈≈Pccc≈≈≈≈≈≈≈≈≈≈≈≈≈≈≈≈
P≈≈≈≈≈≈≈........≈≈≈..≈≈≈
..≈≈≈≈...............≈≈≈
....Pc...##.###......≈≈≈
....≈≈..^#### #####..≈≈≈
#P........ ##.≈≈≈
#.##..... ≈


You could see a merfolk javelineer, a snapping turtle (very poisoned), a
merfolk, 4 fauns and a merfolk siren (mesmerising).

Vanquished Creatures
  A kraken (Shoals:1)
  Kirke (D:15)
  Ilsuiw (Shoals:2)
  6 nagarajas
  A dire elephant (D:15)
  An ettin (Orc:1)
  A fire dragon (Lair:5)
  Harold (D:10)
  Erolcha (D:9)
  11 hydras
  3 boulder beetles
  A salamander tyrant (Snake:4)
  An ogre mage (D:11)
  An ice dragon (D:13)
  2 catoblepae
  A merfolk aquamancer (Shoals:2)
  8 anacondas
  3 centaur warriors
  A satyr (Shoals:2)
  10 naga warriors
  A merfolk avatar (Shoals:2)
  4 two-headed ogres
  6 death yaks (Lair:5)
  5 tengu warriors
  4 orc high priests
  9 shock serpents
  8 naga sharpshooters
  13 sea snakes
  3 naga ritualists
  A wizard (D:15)
  2 lindwurms
  6 orc knights
  Pikel (D:4)
  A wolf spider (D:15)
  9 manticores
  5 mana vipers
  8 harpies (Shoals:1)
  11 fauns
  16 ugly things
  7 orc sorcerers
  3 oklob plants
  4 cyclopes
  15 elephants
  Maurice (D:9)
  7 merfolk sirens
  11 salamanders
  A water nymph (Shoals:1)
  3 molten gargoyles (Lair:5)
  33 black mambas
  20 naga magi
  Joseph (D:8)
  6 cane toads
  A gargoyle (D:12)
  9 guardian serpents (Snake:4)
  3 rime drakes
  An unseen horror (D:13)
  2 freezing wraiths
  12 komodo dragons
  A tengu conjurer (D:13)
  A queen bee (Lair:3)
  4 trolls
  A wind drake (Shoals:2)
  8 merfolk
  4 polar bears
  A hornet (D:9)
  23 blink frogs
  5 dream sheep (Lair:3)
  2 snapping turtles (Shoals:1)
  6 slime creatures
  3 vampires
  3 wraiths (D:12)
  2 shadows
  Eustachio (D:6)
  6 water elementals
  7 wyverns
  49 yaks
  7 basilisks
  A golden eye (shapeshifter) (D:15)
  2 humans (D:15)
  2 hogs (D:15)
  4 steam dragons
  4 vampire mosquitoes (D:9)
  47 nagas
  Edmund (D:6)
  3 acid dragons
  2 wargs
  14 water moccasins
  Duvessa (D:3)
  3 hell hounds (Lair:5)
  21 orc warriors
  A sky beast (D:7)
  A black bear (D:5)
  An ice beast (D:8)
  19 wolves
  13 ogres
  8 centaurs
  A phantom (D:4)
  3 lemures (D:4)
  A kobold brigand (D:9)
  6 bullfrogs
  Blork the orc (D:4)
  A scorpion (D:5)
  3 gnoll sergeants
  2 necrophages
  5 wights (D:10)
  Dowan (D:3)
  35 killer bees
  9 howler monkeys
  An electric eel (Snake:4)
  5 lava snakes (Lair:5)
  2 jellies
  17 orc priests
  2 gnoll boudas (D:4)
  2 hounds
  4 iguanas
  17 orc wizards
  31 gnolls
  4 adders
  2 white imps
  An ufetubus (D:4)
  2 worms
  A dart slug (D:4)
  56 orcs
  11 bats
  5 endoplasms
  3 giant cockroaches (D:4)
  5 goblins
  9 hobgoblins
  3 jackals (D:4)
  13 kobolds
  4 quokkas
  5 ball pythons
  A frilled lizard (D:2)
  8 rats
  A tentacle (Shoals:1)
874 creatures vanquished.

Vanquished Creatures (others)
  A manticore (Shoals:1)
  A black mamba (Snake:1)
  2 nagas (Snake:4)
  A bush (Lair:5)
  30 fungi
  73 plants
  5 tentacles (Shoals:1)
  2 withered plants (D:4)
115 creatures vanquished.

Grand Total: 989 creatures vanquished

Notes
Turn   | Place    | Note
-------+----------+-------------------------------------------
     0 | D:1      | clackabat the Minotaur Fighter began the quest for the Orb.
     0 | D:1      | Reached XP level 1. HP: 19/19 MP: 0/0
   137 | D:1      | Reached skill level 3 in Polearms
   164 | D:1      | Reached XP level 2. HP: 25/27 MP: 1/1
   346 | D:1      | Reached XP level 3. HP: 33/33 MP: 2/2
   756 | D:2      | Reached skill level 4 in Polearms
   771 | D:2      | Found a faded altar of an unknown god.
  1502 | D:3      | You fall into a shaft and drop 1 floor!
  1517 | D:4      | Reached XP level 4. HP: 25/41 MP: 3/3
  1518 | D:4      | Noticed Duvessa
  1519 | D:4      | Noticed Dowan
  1686 | D:3      | Identified the +2 leather armour of the Rotten God {Rampage
                  | rF+ Will+}
  1798 | D:3      | Reached skill level 5 in Polearms
  1816 | D:3      | Found a shimmering blue altar of Sif Muna.
  1819 | D:3      | Found a broken altar of Ashenzari.
  2601 | D:3      | Killed Duvessa
  2602 | D:3      | Reached skill level 5 in Fighting
  2602 | D:3      | Reached skill level 6 in Polearms
  2602 | D:3      | Reached XP level 5. HP: 33/48 MP: 4/4
  2607 | D:3      | Killed Dowan
  2641 | D:4      | Reached XP level 6. HP: 55/56 MP: 5/5
  2736 | D:5      | Entered Level 5 of the Dungeon
  2760 | D:4      | Reached skill level 7 in Polearms
  2797 | D:4      | Reached XP level 7. HP: 30/63 MP: 6/6
  2945 | D:4      | Noticed Pikel
  2960 | D:5      | Reached skill level 8 in Polearms
  3123 | D:4      | Killed Pikel
  3124 | D:4      | Reached skill level 9 in Polearms
  3124 | D:4      | Reached XP level 8. HP: 28/73 MP: 7/7
  3254 | D:4      | Found a bloodstained altar of Trog.
  3254 | D:4      | Noticed Blork the orc
  3259 | D:4      | Killed Blork the orc
  3314 | D:4      | Found a runed translucent door.
  3315 | D:4      | Noticed Heh's ghost (amateur OpVM)
  3445 | D:5      | Found a staircase to the Ecumenical Temple.
  3455 | Temple   | Entered the Ecumenical Temple
  3473 | Temple   | Became a worshipper of Warmaster Okawaru
  3522 | D:5      | Reached skill level 10 in Polearms
  3794 | D:5      | Found a radiant altar of Vehumet.
  3984 | D:6      | Reached skill level 11 in Polearms
  4196 | D:6      | Noticed Eustachio
  4197 | D:6      | Noticed Edmund
  4204 | D:6      | Killed Eustachio
  4204 | D:6      | Reached * piety under Okawaru
  4207 | D:6      | Killed Edmund
  4208 | D:6      | Reached XP level 9. HP: 56/83 MP: 8/8
  4243 | D:6      | Found a sacrificial altar of Ru.
  4243 | D:6      | Found a shimmering altar of Xom.
  4291 | D:6      | Found a runed translucent door.
  4291 | D:6      | Noticed mcwallace's ghost (novice VSNe)
  4327 | D:6      | Found a runed translucent door.
  4496 | D:7      | Reached skill level 12 in Polearms
  4600 | D:7      | Noticed an orc sorcerer
  4611 | D:7      | Killed an orc sorcerer
  4611 | D:7      | Reached ** piety under Okawaru
  4625 | D:7      | Identified the +1 pair of gloves of Muttered Phrases {rC++
                  | Regen+}
  4783 | D:7      | Reached skill level 13 in Polearms
  4827 | D:7      | Reached skill level 10 in Fighting
  5529 | D:8      | Noticed Joseph
  5540 | D:8      | Killed Joseph
  5541 | D:8      | Reached skill level 14 in Polearms
  5578 | D:8      | Found a staircase to the Lair.
  5751 | D:8      | Reached XP level 10. HP: 94/94 MP: 9/9
  5947 | D:9      | Reached *** piety under Okawaru
  5948 | D:9      | Reached skill level 1 in Dodging
  6141 | D:9      | Noticed Erolcha
  6147 | D:9      | Killed Erolcha
  6148 | D:9      | Reached skill level 5 in Armour
  6148 | D:9      | Reached skill level 5 in Shields
  6207 | D:9      | Noticed Maurice
  6217 | D:9      | Killed Maurice
  6508 | D:9      | Reached **** piety under Okawaru
  6509 | D:9      | Reached skill level 5 in Dodging
  6740 | D:10     | Entered Level 10 of the Dungeon
  6769 | D:10     | Reached XP level 11. HP: 100/101 MP: 7/10
  6782 | D:10     | Reached ***** piety under Okawaru
  6853 | D:10     | Found a staircase to the Orcish Mines.
  6987 | D:10     | Noticed a two-headed ogre
  6995 | D:10     | Killed a two-headed ogre
  7053 | D:10     | Noticed Harold
  7062 | D:10     | Killed Harold
  7062 | D:10     | Received a gift from Okawaru
  7063 | D:10     | Found the +8 arc blade {discharge, rElec}
  7097 | D:10     | Found a sparkling altar of Nemelex Xobeh.
  7339 | D:11     | Noticed a four-headed hydra
  7350 | D:11     | Killed a four-headed hydra
  7523 | D:11     | Noticed an ogre mage
  7523 | D:11     | Noticed a two-headed ogre
  7524 | D:11     | Noticed a two-headed ogre
  7537 | D:11     | Killed a two-headed ogre
  7543 | D:11     | Killed a two-headed ogre
  7550 | D:11     | Killed an ogre mage
  7829 | D:11     | Found a hide-covered altar of Uskayaw.
  7843 | D:11     | Reached skill level 10 in Armour
  7843 | D:11     | Reached skill level 10 in Shields
  8169 | D:12     | Noticed a four-headed hydra
  8176 | D:12     | Killed a four-headed hydra
  8177 | D:12     | Reached skill level 1 in Throwing
  8177 | D:12     | Reached skill level 1 in Invocations
  8177 | D:12     | Reached XP level 12. HP: 104/108 MP: 8/11
  8181 | D:12     | Reached skill level 1 in Evocations
  8403 | Lair:1   | Entered Level 1 of the Lair of Beasts
  8548 | Lair:1   | Reached ****** piety under Okawaru
  8719 | Lair:1   | Identified the +1 chain mail of Somewhere Else {rC+ Str-3
                  | Int+3 Slay+2} (Okawaru gifted it to you on level 1 of the
                  | Lair of Beasts)
  8719 | Lair:1   | Received a gift from Okawaru
  9235 | Lair:1   | Identified a scroll of acquirement
  9235 | Lair:1   | Acquired 1062 gold pieces
  9343 | Lair:2   | Reached skill level 5 in Throwing
  9343 | Lair:2   | Reached skill level 5 in Invocations
  9381 | Lair:2   | Reached skill level 5 in Evocations
  9471 | Lair:2   | Found a staircase to the Shoals.
  9499 | Lair:2   | Received a gift from Okawaru
  9503 | Lair:2   | Reached XP level 13. HP: 62/114 MP: 16/16
  9607 | Lair:2   | Found a staircase to the Snake Pit.
 10427 | Lair:3   | Received a gift from Okawaru
 10615 | Lair:3   | Received a gift from Okawaru
 11590 | Lair:4   | Reached skill level 15 in Polearms
 11595 | Lair:4   | Received a gift from Okawaru
 12288 | Lair:5   | Entered Level 5 of the Lair of Beasts
 12450 | Lair:5   | Reached XP level 14. HP: 115/124 MP: 18/18
 12478 | Lair:5   | Received a gift from Okawaru
 12514 | Lair:5   | Found a large runed translucent door.
 12644 | Lair:5   | Received a gift from Okawaru
 12740 | Lair:5   | Found a large runed translucent door.
 12768 | Lair:5   | Reached skill level 10 in Dodging
 13007 | Lair:5   | Reached skill level 16 in Polearms
 13441 | Lair:5   | Found a viscous altar of Jiyva.
 13840 | Lair:5   | Found a staircase to the Slime Pits.
 13859 | Lair:5   | Identified the +11 glaive of Wuuvys {antimagic, rC++}
                  | (Okawaru gifted it to you on level 5 of the Lair of Beasts)
 13859 | Lair:5   | Received a gift from Okawaru
 15196 | D:13     | Reached skill level 17 in Polearms
 15232 | D:13     | Found a gate to the Vaults.
 15322 | D:13     | Found a portal to a secret trove of treasure.
 15762 | D:14     | Found a broken altar of Ashenzari.
 16375 | D:14     | Reached XP level 15. HP: 44/134 MP: 19/19
 16551 | D:14     | Identified the +9 falchion of Might {antimagic, Contam
                  | rF+++ Dex+4}
 16774 | D:15     | Entered Level 15 of the Dungeon
 16891 | D:15     | Found Piunlo Setho's Book Emporium.
 17081 | D:15     | Noticed Kirke
 17091 | D:15     | Received a gift from Okawaru
 17103 | D:15     | Killed Kirke
 17456 | D:15     | Found Reytoyg's Blood Bar.
 17479 | D:15     | Upgraded the game from 0.29-a0-870-g2c972031a6 to
                  | 0.29-a0-872-g797fff5ad1
 17581 | D:15     | Found a staircase to the Depths.
 18135 | Orc:1    | Entered Level 1 of the Orcish Mines
 18248 | Orc:1    | Reached skill level 18 in Polearms
 18603 | Orc:2    | Entered Level 2 of the Orcish Mines
 18629 | Orc:2    | Received a gift from Okawaru
 19029 | Orc:2    | Found Joheshrep's Antique Weapon Shoppe.
 19029 | Orc:2    | Found Qohe's Weapon Boutique.
 19031 | Orc:2    | Found Zaozauth's Book Boutique.
 19031 | Orc:2    | Found Hehash's Antique Armour Shoppe.
 19265 | Orc:2    | Found a staircase to the Elven Halls.
 19555 | Orc:2    | Bought an ancient plate armour for 672 gold pieces
 19555 | Orc:2    | Identified the +5 plate armour of Cemuqu {Harm Will- rCorr
                  | Str+3 Dex+2} (You bought it in a shop on level 2 of the
                  | Orcish Mines)
 19555 | Orc:2    | Bought a distressingly furry scale mail for 216 gold pieces
 19555 | Orc:2    | Identified the +4 scale mail of Kafuclus {rCorr Str+5} (You
                  | bought it in a shop on level 2 of the Orcish Mines)
 19968 | Snake:1  | Entered Level 1 of the Snake Pit
 20721 | Snake:1  | Found Boathen's Jewellery Shoppe.
 20721 | Snake:1  | Found Zethrojics's Book Boutique.
 20723 | Snake:1  | Found Isah's Book Boutique.
 20732 | Snake:1  | Bought a ring of flight for 262 gold pieces
 21329 | Snake:2  | Reached XP level 16. HP: 133/146 MP: 20/20
 21446 | Snake:2  | Reached skill level 19 in Polearms
 21624 | Snake:2  | Found a transporter.
 21626 | Snake:2  | Noticed zhov's ghost (adept SpAM)
 21642 | Snake:2  | Found a transporter.
 22070 | Snake:3  | Identified the +6 arbalest "Vuuptifo" {elec, rCorr Int+9}
                  | (Okawaru gifted it to you on level 3 of the Snake Pit)
 22070 | Snake:3  | Received a gift from Okawaru
 22274 | Snake:3  | Acquired the ring of Rukkets {Fly rPois Will+ Dex+6}
 23107 | Snake:4  | Entered Level 4 of the Snake Pit
 23261 | Snake:4  | Received a gift from Okawaru
 23362 | Snake:4  | HP: 7/147 [constriction[a naga ritualist] (2)]
 23363 | Snake:4  | HP: 2/147 [sea snake (10)]
 23376 | Snake:4  | Received a gift from Okawaru
 23738 | Snake:4  | Reached skill level 20 in Polearms
 24084 | Snake:4  | Reached skill level 15 in Fighting
 24830 | Snake:4  | Received a gift from Okawaru
 24832 | Snake:4  | Reached XP level 17. HP: 153/156 MP: 14/21
 24871 | Snake:4  | Received a gift from Okawaru
 24941 | Snake:4  | Got a serpentine rune of Zot
 25240 | Shoals:1 | Entered Level 1 of the Shoals
 25266 | Shoals:1 | Reached skill level 15 in Armour
 25735 | Shoals:1 | Noticed a kraken
 25764 | Shoals:1 | Killed a kraken
 26425 | Shoals:2 | Reached skill level 21 in Polearms
 26614 | Shoals:2 | Noticed Ilsuiw
 26645 | Shoals:2 | Killed Ilsuiw
 26656 | Shoals:2 | HP: 6/156 [merfolk javelineer/silver javelin[Ilsuiw] (3)]
 26657 | Shoals:2 | Mangled by a merfolk

Illustrated notes

Levels and vault maps discovered:
D:1:      minmay_arrival_open_corners, layout_loops_ring,
          minmay_misc_feat_square, hangedman_decor_growths
D:2:      layout_loops_ring, serial_forest, infiniplex_forest_end_2,
          infiniplex_forest_lined_2, infiniplex_forest_clump_small,
          infiniplex_forest_clump_tiny, infiniplex_forest_clump_small,
          infiniplex_forest_clump_long, infiniplex_forest_clump_double,
          chequers_ecumenical_altar_grove
D:3:      layout_loops_corners, minitemple, hex_large
D:4:      layout_cave_pools, mainiacjoe_overflow_surrounded_room,
          gammafunk_ghost_grave, uniq_duvessa, uniq_pikel, uniq_blork_the_orc
D:5:      layout_cave_pools, mainiacjoe_overflow_cross_hatched,
          minmay_temple_entry_statues, nicolae_elevator_lobby_asterisk
D:6:      layout_cave_pools, gammafunk_temple_overflow_pools,
          ebering_ghost_sewer_f, nicolae_figureground_pulse, uniq_edmund,
          uniq_eustachio
D:7:      cheibrodos_wizards_tower, layout_basic
D:8:      layout_loops_ring, lair_entry_dummy, minmay_crystal_room, uniq_joseph
D:9:      hellmonk_ruined_rings, layout_cave_pods, uniq_erolcha, uniq_maurice
D:10:     layout_cave_pools, nemelex_spade_bored_becter, david_orc_2,
          uniq_harold
D:11:     layout_roguey, eat_drink_and_be_merry_uskayaw
D:12:     layout_basic, due_unseen_surprise
D:13:     layout_cave_pools, david_vaults_4, nicolae_trove_entry_crystal,
          bh_walls_and_bars
D:14:     layout_gridville, gauntlet_entry_generic, cheibrodos_ashenzari_chains
D:15:     hangedman_depths_entry_try_elsewhere_first, layout_loops_cross,
          amcnicky_mini_pool_small, serial_shops, shop, eino_tiny_chamber,
          guppyfry_shop_blood, uniq_kirke
Temple:   eino_wide_crystal_templ
Lair:1:   layout_long_grid, lemuel_fruit_fields
Lair:2:   layout_chaotic_city, elwin_shoals_entry_stream,
          minmay_snake_entry_guardpost_large, enter_volcano_4
Lair:3:   dpeg_oklob_gauntlet, layout_long_grid, special_room
          [special_room_bee], grunt_forest_small_clearing_treed,
          lemuel_fruit_tree
Lair:4:   layout_cave_pods, serial_bayou_crossing
Lair:5:   cheibrodos_lair_end_hotspot, layout_misc_corridors,
          minmay_slime_entry_oklob_open
Shoals:1: layout_shoals
Shoals:2: layout_shoals, uniq_ilsuiw
Snake:1:  layout_chambers, serial_bayou_shore_b, minmay_shop_grove
Snake:2:  layout_misc_corridors, gammafunk_ghost_arena
Snake:3:  layout_layer_cave, serial_bayou_shore_b
Snake:4:  grunt_snake_rune_pools, layout_cave_town, drop_trap,
          grunt_ministairs_10, serial_bayou_lake_a
Orc:1:    layout_caves, basic_altar
Orc:2:    grunt_orc_tribal_feast, layout_caves, basic_altar, mines1_david

Skill      XL: |  1  2  3  4  5  6  7  8  9 10 11 12 13 14 15 16 17 |
---------------+----------------------------------------------------+-----
Polearms       | 3 4 6 7 9 11 14 15 17 18 20 21 | 21.1
Fighting       | 4 5 6 7 9 10 11 12 14 15 | 15.6
Armour         | 7 10 11 12 13 14 15 | 15.3
Dodging        | 5 8 9 11 12 13 | 13.7
Shields        | 7 10 11 13 | 13.7
Throwing       | 1 6 7 |  7.1
Invocations    | 1 6 7 |  7.1
Evocations     | 5 6 |  6.4

Action                   |  1- 3 |  4- 6 |  7- 9 | 10-12 | 13-15 | 16-18 || total
-------------------------+-------+-------+-------+-------+-------+-------++-------
Melee: Trident           |   106 |    91 |   196 |   586 |  1648 |  1010 ||  3637
       Headbutt          |    11 |    17 |    25 |   117 |   332 |   180 ||   682
       Halberd           |       |       |    24 |       |       |       ||    24
Throw: Throwing net      |       |     1 |     1 |       |     1 |       ||     3
Invok: Heroism           |       |       |     1 |     7 |    21 |    15 ||    44
       Finesse           |       |       |       |       |     2 |     3 ||     5
  Use: Potion            |       |     1 |     3 |     1 |     3 |     4 ||    12
       Scroll            |       |    10 |     2 |     8 |     9 |     4 ||    33
 Stab: Sleeping          |       |       |     1 |       |     2 |     3 ||     6
       Distracted        |       |       |       |       |     2 |     1 ||     3
Armor: Scale mail        |    19 |       |       |       |       |       ||    19
       Leather armour    |       |    20 |    31 |   113 |   312 |   145 ||   621
Dodge: Dodged            |    27 |    29 |    58 |   180 |   682 |   499 ||  1475
Block: Buckler           |    20 |     9 |    34 |   110 |   400 |   532 ||  1105
       Reflection        |       |       |       |       |     4 |    70 ||    74

Table legend: (Time is in decaauts)
 A = Elapsed time spent in this place.
 B = Non-inter-level travel time spent in this place.
 C = Inter-level travel time spent in this place.
 D = Time resting spent in this place.
 E = Time spent auto-exploring this place.
 F = Levels seen in this place.
 G = Mean time per level.
                   A        B        C        D        E       F      G
               +--------+--------+--------+--------+--------+-----+--------+
         Total |  25379 |  21776 |   3603 |   1095 |  16039 |  29 |  875.1 |
       Dungeon |  12350 |  10414 |   1936 |    669 |   7875 |  15 |  823.3 |
        Temple |     31 |     11 |     20 |      0 |      6 |   1 |   31.0 |
          Lair |   5254 |   4614 |    640 |    136 |   3455 |   5 | 1050.8 |
        Shoals |   1293 |   1132 |    161 |     30 |    780 |   2 |  646.5 |
     Snake Pit |   4869 |   4427 |    442 |    203 |   3191 |   4 | 1217.2 |
  Orcish Mines |   1579 |   1177 |    402 |     57 |    731 |   2 |  789.5 |
               +--------+--------+--------+--------+--------+-----+--------+

Top non-repeatable levels by time:
 Snake:4: 1825 daAuts
  Lair:5: 1471 daAuts
 Snake:1: 1280 daAuts
    D:15: 1183 daAuts
 Snake:3: 1085 daAuts
     D:3: 1070 daAuts
    D:14: 1049 daAuts
   Orc:2: 1019 daAuts
  Lair:2: 1016 daAuts
    D:12: 1012 daAuts
  Lair:4: 1006 daAuts
Shoals:1: 951 daAuts
  Lair:3: 939 daAuts
    D:13: 903 daAuts
     D:2: 896 daAuts
